 Dungeon Crawl Stone Soup version 0.24.1-1-gd1d2a07e1b (webtiles) character file.

Game seed: 4428426601541133705, levelgen mode: deterministic

667 1994 the Magician (level 7, -1/52 HPs)
             Began as a Mummy Necromancer on Apr 10, 2020.
             Was a Follower of Kikubaaqudgha.
             Slain by a hound (3 damage)
             ... on level 5 of the Dungeon.
             The game lasted 00:14:17 (5293 turns).

1994 the Magician (Mummy Necromancer)               Turns: 5293, Time: 00:14:18

Health: -1/52      AC:  2    Str: 11    XL:     7   Next: 31%
Magic:  1/16       EV: 12    Int: 17    God:    Kikubaaqudgha [*.....]
Gold:   256        SH:  0    Dex: 12    Spells: 8/19 levels left

rFire    . . .     SeeInvis .   g - -2 dagger (curse)
rCold    + . .     Gourm    .   (no shield)
rNeg     + + +     Faith    .   f - +0 robe {rF+}
rPois    ∞         Spirit   .   (no helmet)
rElec    .         Reflect  .   (no cloak)
rCorr    .         Harm     .   (no gloves)
MR       .....                  (no boots)
Stlth    ++........             l - amulet of the acrobat
HPRegen  0.17/turn              (no ring)
MPRegen  0.15/turn              (no ring)

@: very slightly contaminated
A: no food or potions, fire vulnerability, cold resistance 1, negative energy
resistance 3, torment resistance, unbreathing
a: Receive Corpses, Renounce Religion


You were on level 5 of the Dungeon.
You worshipped Kikubaaqudgha.
Kikubaaqudgha was aware of your devotion.
You were not hungry.

You visited 2 branches of the dungeon, and saw 6 of its levels.
You also visited: Sewer.

You collected 256 gold pieces.

Inventory:

Hand Weapons
 a - a +0 short sword
 g - a cursed -2 dagger (weapon)
 h - a +0 vampiric dagger
 r - a +0 dagger of venom
Missiles
 c - 168 stones (quivered)
 p - 7 poisoned darts
Armour
 f - a +0 robe of fire resistance (worn)
Jewellery
 l - an amulet of the acrobat (around neck)
Wands
 k - a wand of iceblast (6)
Scrolls
 b - 4 scrolls of identify
 d - a scroll of magic mapping
 e - 3 scrolls of immolation
 i - a scroll of amnesia
 j - a scroll of blinking
 m - a scroll of enchant armour
 n - 3 scrolls of fear
 o - 9 scrolls of teleportation
 q - a scroll of remove curse


   Skills:
 + Level 3.2 Fighting
 - Level 1.5 Dodging
 - Level 1.5 Stealth
 * Level 6.6 Spellcasting
 * Level 6.4 Necromancy


You had 8 spell levels left.
You knew the following spells:

 Your Spells              Type           Power        Failure   Level  Hunger
a - Pain                  Necr           ####         1%          1    N/A
b - Animate Skeleton      Necr           N/A          1%          1    N/A
c - Vampiric Draining     Necr           ####......   2%          3    N/A
d - Animate Dead          Necr           N/A          9%          4    N/A
e - Corpse Rot            Necr           N/A          1%          2    N/A

Your spell library contained the following spells:

 Spells                   Type           Power        Failure   Level  Hunger
 Regeneration             Chrm/Necr      Unusable     N/A         3    N/A

Dungeon Overview and Level Annotations

Branches:
Dungeon (5/15)             Temple (1/1) D:4           Sewer (visited)

Altars:
Ashenzari
Cheibriados
Dithmenos
Fedhas
Gozag
Hepliaklqana
Kikubaaqudgha
Makhleb
Nemelex Xobeh
Okawaru
Qazlal
Ru
Sif Muna
Trog
Uskayaw
Vehumet
Xom
Yredelemnul
Zin
The Shining One

Annotations:
D:3 Natasha


Innate Abilities, Weirdness & Mutations

You do not eat or drink.
Your flesh is vulnerable to fire.
You are immune to poison.
Your flesh is cold resistant. (rC+)
You are immune to negative energy. (rN+++)
You are immune to unholy pain and torment.
You can survive without breathing.


Message History

Confirm with . or Enter, or press ? or * to list all spells.
Aiming: Pain (safe; 1% risk of failure)
Press: ? - help, Shift-Dir - straight line, f/p - hound
Aim: a hound (almost dead, chance to defeat MR: 89%)
The hound barely resists.
The hound misses you. The hound bites you.
* * * LOW HITPOINT WARNING * * *
Casting: Pain (safe; 1% risk of failure)
Confirm with . or Enter, or press ? or * to list all spells.
You don't have enough magic to cast that spell.
Evoke which item? (* to show all) (? for menu, Esc to quit)
Aiming: Iceblast
Press: ? - help, Shift-Dir - straight line, p - hound The mass of ice explodes!
The iceblast engulfs the hound!
You kill the hound!
Kikubaaqudgha accepts your kill.
You hear a shout! x2
Unknown command.
The hound bites you.
You die...
Kikubaaqudgha rasps: "You have failed me!
Welcome... oblivion!"

.......##..#######.####
###................... #
##...#....####.....
####.#.#.##......#.#
.....#.............# .#
##...##............# #.#
##.#..#...........## ..
##.##..........h).# ##.#
.#..............@.# #..#
....###...........# ##.# .
..................###..#####...
...###.....###................#
##........## ######......####.
#........## #......#
#.........### #.>....#
#...###......# #......# ...#
#.#.....#####......#


You could see a hound.

Vanquished Creatures
  An ogre (D:5)
  A centaur (D:5)
  A howler monkey (D:4)
  A hound (D:5)
  An orc wizard (D:3)
  An orc priest (D:5)
  Natasha (twice) (D:3)
  4 worker ants
  4 gnolls
  8 adders
  A river rat (D:5)
  2 worms (D:2)
  6 leopard geckos
  8 orcs
  5 bats
  2 giant cockroaches
  8 goblins
  8 hobgoblins
  5 jackals
  10 kobolds
  A quokka (D:2)
  6 ball pythons
  9 frilled lizards
  A jackal zombie (D:5)
  A leopard gecko skeleton (D:4)
  13 rats
110 creatures vanquished.

Vanquished Creatures (collateral kills)
  A shadow imp (D:4)
  A quokka skeleton (D:4)
  4 rats
6 creatures vanquished.

Grand Total: 116 creatures vanquished

Notes
Turn   | Place    | Note
-------+----------+-------------------------------------------
     0 | D:1      | 1994 the Mummy Necromancer began the quest for the Orb.
     0 | D:1      | Reached XP level 1. HP: 13/13 MP: 4/4
   120 | D:1      | Learned a level 1 spell: Animate Skeleton
   230 | D:1      | Reached XP level 2. HP: 20/20 MP: 3/6
   927 | D:1      | Reached skill level 1 in Fighting
  1098 | D:2      | Reached XP level 3. HP: 26/26 MP: 4/7
  1835 | D:2      | Learned a level 3 spell: Vampiric Draining
  2150 | D:2      | Reached XP level 4. HP: 30/32 MP: 3/10
  2322 | D:3      | Found a glowing silver altar of Zin.
  2690 | D:3      | Noticed Natasha
  2700 | D:3      | Killed Natasha
  2704 | D:3      | Noticed Natasha
  2714 | D:3      | Killed Natasha
  2714 | D:3      | Reached skill level 5 in Necromancy
  2848 | D:3      | Reached XP level 5. HP: 38/38 MP: 8/11
  2890 | D:2      | Learned a level 4 spell: Animate Dead
  3191 | D:4      | Reached skill level 5 in Spellcasting
  3263 | D:4      | Noticed a fire elemental
  3265 | D:4      | Found a stormy altar of Qazlal.
  3266 | D:4      | Noticed an air elemental
  3266 | D:4      | Noticed a water elemental
  3286 | D:3      | Noticed Natasha
  3336 | D:4      | Found a staircase to the Ecumenical Temple.
  3355 | Temple   | Entered the Ecumenical Temple
  3545 | Temple   | Became a worshipper of Kikubaaqudgha
  3596 | D:4      | Reached XP level 6. HP: 33/46 MP: 3/13
  4202 | D:5      | Entered Level 5 of the Dungeon
  4651 | D:5      | Found a glowing drain.
  4685 | Sewer    | Entered a sewer
  4746 | Sewer    | Reached * piety under Kikubaaqudgha
  4746 | Sewer    | Identified Kikubaaqudgha's Incunabulum of Evil Rites
                  | (Kikubaaqudgha gifted it to you in a sewer)
  4746 | Sewer    | Received a gift from Kikubaaqudgha
  4751 | Sewer    | Learned a level 2 spell: Corpse Rot
  5086 | D:5      | Reached XP level 7. HP: 38/52 MP: 9/16
  5291 | D:5      | HP: 2/52 [hound (4)]
  5293 | D:5      | Slain by a hound

Levels and vault maps discovered:
D:1:      eino_arrival_cavern_a, layout_basic, skrybe_limestone_x,
          nrook_mini_vaults
D:2:      layout_basic, first_ration
D:3:      layout_rooms, nicolae_overflow_crystal_walls, uniq_natasha
D:4:      layout_rooms, nicolae_qazlal_style_of_elements,
          minmay_temple_entry_grid, minmay_misc_feat_iff, kennysheep_nondescript
D:5:      layout_rooms, portal_sewer_entry_a, cheibrodos_gnoll_hut
Temple:   hc_temple_tempest_star

Skill      XL: |  1  2  3  4  5  6 |
---------------+-------------------+-----
Spellcasting   | 3 4 5 6 |  6.6
Fighting       | 1 2 3 |  3.2
Necromancy     | 5 6 |  6.4
Dodging        | |  1.5
Stealth        | |  1.5

Action                   |  1- 3 |  4- 6 |  7- 9 || total
-------------------------+-------+-------+-------++-------
Melee: Short sword       |     4 |       |       ||     4
       Dagger            |    15 |    82 |       ||    97
Throw: Stone             |    26 |     8 |     2 ||    36
 Cast: Pain              |    77 |   131 |    22 ||   230
       Animate Skeleton  |     2 |     6 |       ||     8
       Vampiric Draining |       |     5 |     2 ||     7
       Animate Dead      |       |     1 |       ||     1
Evoke: Wand              |       |       |     1 ||     1
  Use: Scroll            |       |     9 |       ||     9
 Stab: Sleeping          |     3 |       |       ||     3
Armor: Robe              |     6 |    14 |     1 ||    21
Dodge: Dodged            |    28 |    91 |     7 ||   126
